 Dungeon Crawl Stone Soup version 0.19.0-18-g426998a (webtiles) character file.

1872 mannyp the Covert (level 8, -2/54 HPs)
             Began as a Vampire Enchanter on Nov 11, 2016.
             Was a Believer of Uskayaw.
             Slain by Frenchkiss's ghost (9 damage)
             ... on level 6 of the Dungeon.
             The game lasted 00:15:11 (3532 turns).

mannyp the Covert (Vampire Enchanter)               Turns: 3532, Time: 00:15:12

Health: -2/54      AC:  3    Str:  7    XL:     8   Next: 91%
Magic:  2/13       EV: 14    Int: 23    God:    Uskayaw [**....]
Gold:   243        SH:  0    Dex: 16    Spells: 2 memorised, 9 levels left

rFire  . . .     SeeInvis +     n - +1 rapier (speed)
rCold  + + .     Gourm    .     b - +1 robe
rNeg   + + +     Faith    .     (no shield)
rPois  ∞         Spirit   .     (no helmet)
rElec  .         Reflect  .     (no cloak)
rCorr  .         Harm     .     (no gloves)
MR     .....                    (no boots)
Stlth  +++++++...               (no amulet)
                                o - ring of wizardry
                                e - +5 ring of intelligence

@: very slightly contaminated, bloodless, non-regenerating
A: fangs 3, see invisible, unbreathing
a: Bat Form, Stomp, Line Pass, Renounce Religion


You were on level 6 of the Dungeon.
You worshipped Uskayaw.
Uskayaw was noncommittal.
You were bloodless.

You visited 2 branches of the dungeon, and saw 7 of its levels.

You collected 243 gold pieces.

Inventory:

Hand Weapons
 a - a +1 dagger
 n - a +1 rapier of speed (weapon)
Armour
 b - a +1 robe (worn)
Magical Staves
 z - an uncursed staff of death {unknown}
Jewellery
 e - a +5 ring of intelligence (left hand)
 g - a +4 ring of strength
 j - an uncursed amulet of harm
 o - a ring of wizardry (right hand)
 r - an uncursed ring of protection from cold
 A - a +1 ring of slaying {unknown}
Wands
 d - a wand of paralysis (7/24)
 t - a wand of teleportation (4/9)
 C - a wand of hasting (6/9)
Scrolls
 f - a scroll of magic mapping {unknown}
 k - 2 scrolls of enchant weapon
 l - 5 scrolls of identify
 m - 4 scrolls of remove curse
 p - 4 scrolls of teleportation
 w - 3 scrolls of random uselessness {unknown}
 x - a scroll of torment {unknown}
 y - a scroll of amnesia
 B - 2 scrolls of recharging {unknown}
 D - a scroll of fog {unknown}
Potions
 h - 2 potions of flight {unknown}
 q - a potion of brilliance
 s - a potion of curing {unknown}
 u - a potion of degeneration
 v - 5 potions of mutation {unknown}
 E - a potion of ambrosia
Books
 c - a book of Maledictions

   Spells                             Type                      Level
   a - Corona                         Hexes                        1
   b - Ensorcelled Hibernation        Hexes/Ice                    2
   c - Confuse                        Hexes                        3
   d - Tukima's Dance                 Hexes                        3
   e - Dazzling Spray                 Conjuration/Hexes            3


   Skills:
 + Level 1.3 Fighting
 * Level 6.7 Short Blades
 + Level 3.7 Dodging
 * Level 12.0 Stealth
 + Level 3.8 Spellcasting
 + Level 6.7 Hexes
 + Level 1.4 Ice Magic


You had 9 spell levels left.
You knew the following spells:

 Your Spells              Type           Power        Failure   Level  Hunger
b - Ensorcelled Hibernat  Hex/Ice        ###...       1%          2    #......
c - Confuse               Hex            #####...     1%          3    ###....


Dungeon Overview and Level Annotations

Branches:
Dungeon (6/15)             Temple (1/1) D:5

Altars:
Ashenzari
Cheibriados
Dithmenos
Elyvilon
Fedhas
Gozag
Hepliaklqana
Kikubaaqudgha
Nemelex Xobeh
Okawaru
Qazlal
Ru
Sif Muna
Trog
Uskayaw
Vehumet
Xom
Yredelemnul
The Shining One

Annotations:
D:6 Frenchkiss's ghost, novice TrWr


Innate Abilities, Weirdness & Mutations

You do not heal naturally.
You are immune to poison.
You have razor-sharp teeth.
You have supernaturally acute eyesight. (SInv)
You can survive without breathing.


Message History

You closely miss Frenchkiss's ghost. You bite Frenchkiss's ghost.
Frenchkiss's ghost is moderately damaged.
Frenchkiss's ghost barely misses you.
You hit Frenchkiss's ghost but do no damage.
You bite Frenchkiss's ghost, but do no damage.
Frenchkiss's ghost is moderately damaged.
Frenchkiss's ghost hits you.
* * * LOW HITPOINT WARNING * * *
You hit Frenchkiss's ghost.
Frenchkiss's ghost is moderately damaged.
You barely miss Frenchkiss's ghost. You bite Frenchkiss's ghost.
Frenchkiss's ghost is moderately damaged.
Frenchkiss's ghost barely misses you.
You can now pass through a line of other dancers.
You hit Frenchkiss's ghost. Your bite misses Frenchkiss's ghost.
Frenchkiss's ghost is moderately damaged.
You hit Frenchkiss's ghost but do no damage.
Frenchkiss's ghost is moderately damaged.
Frenchkiss's ghost hits you!
You die...

#..........#..........
#..........+..........
#..........#..........
###..........######.....
#.........###.#####...##
#.........# #.#.........
#.........# #.#.........
#......W..###.#.........
#......@......#...####..
#.................# #..
#.................####..
#......######........#..
#####'#######........#..
#.........##........###
#.........##........#
#.........##..##...##
#...###...##..##...####


You could see Frenchkiss's ghost.

Vanquished Creatures
  Pikel (D:4)
  Grinder (D:6)
  Sigmund (D:3)
  Duvessa (D:4)
  An orc warrior (D:6)
  A phantom (D:6)
  An ice beast (D:6)
  2 bullfrogs (D:6)
  Dowan (D:4)
  2 scorpions (D:6)
  2 howler monkeys
  A crimson imp (D:5)
  A hound (D:6)
  A bullfrog skeleton (D:5)
  2 iguanas
  A killer bee zombie (D:6)
  7 adders
  4 gnolls (D:6)
  An adder skeleton (D:6)
  An adder zombie (D:5)
  3 worms
  4 leopard geckos
  3 orcs
  9 bats
  4 giant cockroaches
  5 goblins
  4 hobgoblins
  4 jackals (D:2)
  A quokka (D:6)
  4 frilled lizards
  6 kobolds
  A leopard gecko zombie (D:5)
  5 rats
86 creatures vanquished.

Notes
Turn   | Place    | Note
-------+----------+-------------------------------------------
     0 | D:1      | mannyp the Vampire Enchanter began the quest for the Orb.
     0 | D:1      | Reached XP level 1. HP: 13/13 MP: 3/3
   285 | D:1      | Reached XP level 2. HP: 19/19 MP: 5/5
   291 | D:1      | Learned a level 2 spell: Ensorcelled Hibernation
   627 | D:2      | Found a stormy altar of Qazlal.
   681 | D:2      | Reached skill level 5 in Stealth
   774 | D:2      | Found a white marble altar of Elyvilon.
   810 | D:2      | Reached XP level 3. HP: 20/24 MP: 6/6
  1074 | D:2      | Found a basalt altar of Yredelemnul.
  1136 | D:3      | Noticed Sigmund
  1165 | D:2      | Learned a level 3 spell: Confuse
  1369 | D:3      | Killed Sigmund
  1369 | D:3      | Reached skill level 6 in Stealth
  1369 | D:3      | Reached skill level 5 in Hexes
  1369 | D:3      | Reached XP level 4. HP: 21/31 MP: 3/7
  1369 | D:3      | Reached XP level 5. HP: 24/36 MP: 3/8
  1490 | D:3      | Found a bloodstained altar of Trog.
  1653 | D:3      | Reached skill level 1 in Ice Magic
  1856 | D:4      | Noticed Duvessa
  1866 | D:4      | Noticed Dowan
  1882 | D:4      | Killed Dowan
  1882 | D:4      | Reached XP level 6. HP: 42/42 MP: 0/9
  1884 | D:4      | Killed Duvessa
  1884 | D:4      | Reached skill level 7 in Stealth
  1897 | D:4      | Noticed a slave
  1918 | D:4      | Noticed a slave
  1918 | D:4      | Noticed a slave
  1927 | D:4      | Noticed Pikel
  1945 | D:4      | Noticed a slave
  1945 | D:4      | Killed Pikel
  1945 | D:4      | Reached skill level 5 in Short Blades
  1945 | D:4      | Reached skill level 9 in Stealth
  1945 | D:4      | Reached XP level 7. HP: 47/47 MP: 4/12
  2475 | D:5      | Entered Level 5 of the Dungeon
  2496 | D:5      | Reached skill level 1 in Fighting
  2513 | D:5      | Reached XP level 8. HP: 47/54 MP: 2/13
  2649 | D:5      | Reached skill level 10 in Stealth
  2779 | D:5      | Found a staircase to the Ecumenical Temple.
  2813 | Temple   | Entered the Ecumenical Temple
  2848 | Temple   | Became a worshipper of Uskayaw the Reveler
  2931 | D:6      | Reached * piety under Uskayaw
  2932 | D:6      | Reached ** piety under Uskayaw
  3152 | D:6      | Reached skill level 11 in Stealth
  3178 | D:6      | Noticed Grinder
  3188 | D:6      | Killed Grinder
  3211 | D:6      | Reached *** piety under Uskayaw
  3429 | D:6      | Reached skill level 12 in Stealth
  3514 | D:6      | Noticed Frenchkiss's ghost (novice TrWr)
  3532 | D:6      | Slain by Frenchkiss's ghost

Skill      XL: |  1  2  3  4  5  6  7  8 |
---------------+-------------------------+-----
Stealth        | 5 6 9 12 | 12.0
Short Blades   | 3 4 5 6 |  6.7
Dodging        | 3 |  3.7
Hexes          | 5 6 |  6.7
Ice Magic      | 1 |  1.4
Spellcasting   | 3 |  3.8
Fighting       | 1 |  1.3

Action                   |  1- 3 |  4- 6 |  7- 9 || total
-------------------------+-------+-------+-------++-------
Melee: Dagger            |    43 |       |       ||    43
       Bite              |     9 |     4 |    14 ||    27
       Rapier            |    44 |    33 |   122 ||   199
 Cast: Ensorcelled Hiber |    10 |    10 |    10 ||    30
       Confuse           |     3 |     4 |    16 ||    23
  Use: Potion            |     3 |       |     1 ||     4
       Scroll            |       |     8 |     1 ||     9
 Stab: Sleeping          |    11 |    10 |    18 ||    39
       Confused          |     2 |     4 |     6 ||    12
       Paralysed         |       |       |     1 ||     1
  Eat: Corpse            |       |       |     1 ||     1
Armor: Robe              |    26 |     4 |    11 ||    41
Dodge: Dodged            |    59 |    10 |    50 ||   119
